 Dungeon Sprint DCSS version 0.22-a0-414-gacd343e (webtiles) character file.

514 Mgcat the Martial Artist (level 7, -9/57 HPs)
             Began as a Gnoll Transmuter on May 13, 2018.
             Was a Believer of Makhleb.
             Mangled by a seven-headed hydra (15 damage)
             ... in the Dungeon (Sprint IX: "|||||||||||||||||||||||||||||").
             The game lasted 00:02:43 (453 turns).

Mgcat the Martial Artist (Gnoll Transmuter)          Turns: 453, Time: 00:02:43

Health: -9/57      AC:  4    Str: 13    XL:     7   Next: 20%
Magic:  10/17      EV: 27    Int: 17    God:    Makhleb [**....]
Gold:   0          SH:  0    Dex: 23    Spells: 5/20 levels left

rFire    . . .     SeeInvis .     - Unarmed
rCold    . . .     Gourm    .   (shield currently unavailable)
rNeg     . . .     Faith    .   (armour currently unavailable)
rPois    x         Spirit   .   (helmet currently unavailable)
rElec    .         Reflect  .   (cloak currently unavailable)
rCorr    .         Harm     .   (gloves currently unavailable)
MR       .....     NoTele   +   (boots currently unavailable)
Stlth    +++.......             (no amulet)
HPRegen  0.19/turn              r - +3 ring of dexterity
MPRegen  0.15/turn              q - +2 ring of protection

@: spider-form, very slightly contaminated
A: tiny, distributed training, strong nose
a: End Transformation, Minor Destruction, Renounce Religion


You were in the Dungeon.
You worshipped Makhleb.
Makhleb was pleased with you.
You were not hungry.
You were a venomous arachnid creature.
You visited 1 branch

Inventory:

Missiles
 a - 11 arrows
Armour
 b - a +0 robe (melded)
 o - a +0 helmet (melded)
   (You found it in the Dungeon)
 p - a +0 pair of gloves (melded)
   (You found it in the Dungeon)
Magical Staves
 m - an uncursed staff of energy {+MP, hungerless spells, !d!a@w1}
   (You found it in the Dungeon)
Jewellery
 q - a +2 ring of protection (right front leg)
   (You found it in the Dungeon)
 r - a +3 ring of dexterity (left front leg)
   (You found it in the Dungeon)
Wands
 n - a wand of acid (10)
   (You found it in the Dungeon)
Scrolls
 j - 2 scrolls of blinking {!r}
 k - 3 scrolls of remove curse
 l - 2 scrolls of amnesia
Potions
 c - a potion of invisibility
 e - 4 potions of curing
 f - 3 potions of heal wounds
 g - a potion of haste
 h - 4 potions of magic
 i - a potion of berserk rage {!q}
Comestibles
 d - a ration
 s - 6 chunks of flesh {@w0}


   Skills:
 + Level 5.8 Fighting
 + Level 5.2 Short Blades
 + Level 5.2 Long Blades
 + Level 5.2 Axes
 + Level 5.2 Maces & Flails
 + Level 5.2 Polearms
 + Level 5.2 Staves
 + Level 5.2 Slings
 + Level 5.2 Bows
 + Level 5.2 Crossbows
 + Level 5.2 Throwing
 + Level 5.2 Armour
 + Level 7.0 Dodging
 + Level 5.2 Stealth
 + Level 5.2 Shields
 + Level 8.4 Unarmed Combat
 + Level 7.3 Spellcasting
 + Level 4.2 Conjurations
 + Level 4.2 Hexes
 + Level 4.2 Charms
 + Level 4.2 Summonings
 + Level 4.2 Necromancy
 + Level 4.2 Translocations
 + Level 5.8 Transmutations
 + Level 4.2 Fire Magic
 + Level 4.2 Ice Magic
 + Level 4.2 Air Magic
 + Level 4.2 Earth Magic
 + Level 4.2 Poison Magic
 + Level 5.7 Invocations
 + Level 5.2 Evocations


You had 5 spell levels left.
You knew the following spells:

 Your Spells              Type           Power        Failure   Level  Hunger
a - Beastly Appendage     Tmut           ####..       5%          1    None
b - Sticks to Snakes      Tmut           ####....     7%          2    None
c - Spider Form           Tmut/Pois      ###.......   13%         3    ##.....
d - Ice Form              Ice/Tmut       ###.....     32%         4    ####...
e - Blade Hands           Tmut           ####......   50%         5    #####..

Your spell library contained the following spells:

 Spells                   Type           Power        Failure   Level  Hunger


Dungeon Overview and Level Annotations

Branches:
Dungeon (1/1)

Altars:
Cheibriados
Dithmenos
Elyvilon
Fedhas
Gozag
Hepliaklqana
Kikubaaqudgha
Makhleb
Nemelex Xobeh
Okawaru
Qazlal
Ru
Sif Muna
Trog
Uskayaw
Vehumet
Wu Jian
Xom
Yredelemnul
Zin
The Shining One
Beogh
Jiyva
Lugonu


Innate Abilities, Weirdness & Mutations

Your experience applies equally to all skills.
((You have very sharp teeth.))
Your uncanny sense of smell can sniff out nearby items.


Message History

Your Spellcasting skill increases to level 7!
Your Conjurations skill increases to level 4!
Your Hexes skill increases to level 4!
Your Charms skill increases to level 4!
Your Summonings skill increases to level 4!
Your Necromancy skill increases to level 4!
Your Translocations skill increases to level 4!
Your Fire Magic skill increases to level 4!
Your Ice Magic skill increases to level 4!
Your Air Magic skill increases to level 4!
Your Earth Magic skill increases to level 4!
Your Poison Magic skill increases to level 4!
Your Invocations skill increases to level 5!
Your Evocations skill increases to level 5!
You have reached level 7!
Items here: )) [ ††† a club; a dagger; a robe; a big kobold corpse; a quokka corpse; an orc corpse
Items here: )) [ ††† a club; a dagger; a robe; a big kobold corpse; a quokka corpse; an orc corpse
There is an open door to the Dungeon here.
You see here a +2 ring mail.
Your transformation has ended.
Your +0 helmet unmelds from your body.
Your +0 pair of gloves unmelds from your body.
Your +0 robe unmelds from your body.
There is an open door to the Dungeon here.
Items here: )) [ ††† a club; a dagger; a robe; a big kobold corpse; a quokka corpse; an orc corpse Magic restored.
You butcher the quokka corpse.
s - 2 chunks of flesh {@w0} You butcher the orc corpse.
s - 6 chunks of flesh {@w0} (gained 4)
Items here: )) [ ÷ † a club; a dagger; a robe; a big kobold corpse; a quokka skeleton
Items here: )) [ ÷ † a club; a dagger; a robe; a big kobold corpse; a quokka skeleton You open the door.
Marking area around the seven-headed hydra as unsafe for travelling.
A komodo dragon, a hydra, an orc, a death knight, an ogre and a meliai come into view.
Unknown command.
Unknown command.
Unknown command.
You close the door.
Memorise Ice Form, consuming 4 spell levels and leaving 10?
You start memorising the spell.
You continue memorising. x4
You finish memorising.
Spell assigned to 'd'.
This spell is quite dangerous to cast!
Memorise Blade Hands, consuming 5 spell levels and leaving 5?
You start memorising the spell.
You continue memorising. x5
You finish memorising.
Spell assigned to 'e'.
Okay, then.
Unknown command.
Unknown command.
Casting: Spider Form (safe; 4% risk of failure)
Confirm with . or Enter, or press ? or * to list all spells.
You miscast Spider Form.
You are very lightly contaminated with residual magic.
You feel odd.
You open the door.
Casting: Spider Form (safe; 4% risk of failure)
Confirm with . or Enter, or press ? or * to list all spells.
You turn into a venomous arachnid creature.
Your +0 helmet melds into your body.
Your +0 pair of gloves melds into your body.
Your +0 robe melds into your body.
You hit the seven-headed hydra.
The seven-headed hydra is lightly wounded.
The seven-headed hydra closely misses you.
The seven-headed hydra completely misses you. x3
The seven-headed hydra bites you.
The seven-headed hydra barely misses you.
The seven-headed hydra bites you.
You completely miss the seven-headed hydra.
The seven-headed hydra is lightly wounded.
The ogre shouts!
The death knight shouts!
The komodo dragon hisses angrily.
The meliai buzzes angrily.
The seven-headed hydra misses you.
The seven-headed hydra closely misses you.
The seven-headed hydra completely misses you.
The seven-headed hydra misses you.
The seven-headed hydra completely misses you. x3
The orc shouts!
You bite the seven-headed hydra!
The seven-headed hydra is lightly wounded.
The seven-headed hydra completely misses you.
The seven-headed hydra bites you!
The seven-headed hydra completely misses you.
The seven-headed hydra bites you!
The seven-headed hydra completely misses you.
The seven-headed hydra misses you. The seven-headed hydra bites you!
You hit the seven-headed hydra.
The seven-headed hydra is lightly wounded.
The seven-headed hydra completely misses you. x2
The seven-headed hydra bites you!
* * * LOW HITPOINT WARNING * * *
The seven-headed hydra barely misses you.
The seven-headed hydra bites you.
* * * LOW HITPOINT WARNING * * *
The seven-headed hydra bites you!
You die...

▓.▓
▓O▓
▓o▓
▓y▓
∆
▓p▓
∆
▓l▓
∆
▓D▓
∆
▓s▓
▓.▓
∆
▓.▓
▓.▓
∆
▓.▓
∆
▓)▓
∆
▓'▓
∆
▓.▓
▓.▓


You could see a death knight, a seven-headed hydra, a komodo dragon, an ogre, a
meliai and an orc.

Vanquished Creatures
  A hornet (D)
  An ice beast (D)
  2 big kobolds (D)
  3 orc wizards (D)
  A dart slug (D)
  A goblin (D)
  A kobold (D)
  2 quokkas (D)
  A frilled lizard (D)
  A rat (D)
14 creatures vanquished.

Vanquished Creatures (collateral kills)
  An adder skeleton (D)
  A frilled lizard (D)
2 creatures vanquished.

Grand Total: 16 creatures vanquished

Notes
Turn   | Place    | Note
-------+----------+-------------------------------------------
     0 | D        | Mgcat the Gnoll Transmuter began the quest for the Orb.
     0 | D        | Reached XP level 1. HP: 17/17 MP: 6/6
     9 | D        | Reached skill level 5 in Spellcasting
    10 | D        | Reached skill level 1 in Invocations
    14 | D        | Reached skill level 1 in Short Blades
    14 | D        | Reached skill level 1 in Long Blades
    14 | D        | Reached skill level 1 in Axes
    14 | D        | Reached skill level 1 in Maces & Flails
    14 | D        | Reached skill level 1 in Polearms
    14 | D        | Reached skill level 1 in Staves
    14 | D        | Reached skill level 1 in Slings
    14 | D        | Reached skill level 1 in Bows
    14 | D        | Reached skill level 1 in Crossbows
    14 | D        | Reached skill level 1 in Throwing
    14 | D        | Reached skill level 1 in Armour
    14 | D        | Reached skill level 1 in Stealth
    14 | D        | Reached skill level 1 in Shields
    14 | D        | Reached skill level 1 in Evocations
    14 | D        | Reached XP level 2. HP: 19/23 MP: 6/8
    18 | D        | Learned a level 2 spell: Sticks to Snakes
    42 | D        | Reached skill level 1 in Conjurations
    42 | D        | Reached skill level 1 in Hexes
    42 | D        | Reached skill level 1 in Charms
    42 | D        | Reached skill level 1 in Summonings
    42 | D        | Reached skill level 1 in Necromancy
    42 | D        | Reached skill level 1 in Translocations
    42 | D        | Reached skill level 1 in Fire Magic
    42 | D        | Reached skill level 1 in Ice Magic
    42 | D        | Reached skill level 1 in Air Magic
    42 | D        | Reached skill level 1 in Earth Magic
    42 | D        | Reached skill level 1 in Poison Magic
    47 | D        | Reached skill level 3 in Fighting
    47 | D        | Reached skill level 4 in Transmutations
    47 | D        | Reached XP level 3. HP: 16/29 MP: 7/9
    52 | D        | HP: 6/29 [something (2)]
    54 | D        | Reached skill level 2 in Short Blades
    54 | D        | Reached skill level 2 in Long Blades
    54 | D        | Reached skill level 2 in Axes
    54 | D        | Reached skill level 2 in Maces & Flails
    54 | D        | Reached skill level 2 in Polearms
    54 | D        | Reached skill level 2 in Staves
    54 | D        | Reached skill level 2 in Slings
    54 | D        | Reached skill level 2 in Bows
    54 | D        | Reached skill level 2 in Crossbows
    54 | D        | Reached skill level 2 in Throwing
    54 | D        | Reached skill level 2 in Armour
    54 | D        | Reached skill level 5 in Dodging
    54 | D        | Reached skill level 2 in Stealth
    54 | D        | Reached skill level 2 in Shields
    54 | D        | Reached skill level 2 in Invocations
    54 | D        | Reached skill level 2 in Evocations
   264 | D        | Learned a level 3 spell: Spider Form
   264 | D        | Found a roughly hewn altar of Beogh.
   264 | D        | Found a snail-covered altar of Cheibriados.
   264 | D        | Found a shadowy altar of Dithmenos.
   264 | D        | Found a white marble altar of Elyvilon.
   264 | D        | Found a blossoming altar of Fedhas.
   264 | D        | Found an opulent altar of Gozag.
   265 | D        | Found a hazy altar of Hepliaklqana.
   266 | D        | Found a viscous altar of Jiyva.
   267 | D        | Found an ancient bone altar of Kikubaaqudgha.
   268 | D        | Found a corrupted altar of Lugonu.
   269 | D        | Found a burning altar of Makhleb.
   270 | D        | Found a sparkling altar of Nemelex Xobeh.
   271 | D        | Found an iron altar of Okawaru.
   272 | D        | Found a stormy altar of Qazlal.
   273 | D        | Found a sacrificial altar of Ru.
   274 | D        | Found a deep blue altar of Sif Muna.
   275 | D        | Found a bloodstained altar of Trog.
   276 | D        | Found a hide-covered altar of Uskayaw.
   277 | D        | Found a radiant altar of Vehumet.
   278 | D        | Found an ornate altar of the Wu Jian Council.
   279 | D        | Found a shimmering altar of Xom.
   280 | D        | Found a basalt altar of Yredelemnul.
   281 | D        | Found a glowing silver altar of Zin.
   284 | D        | Found a glowing golden altar of the Shining One.
   301 | D        | Became a worshipper of Makhleb the Destroyer
   361 | D        | Noticed a hornet
   361 | D        | Noticed a big kobold
   361 | D        | Noticed a big kobold
   361 | D        | Noticed an ice beast
   364 | D        | Reached skill level 7 in Unarmed Combat
   364 | D        | Reached skill level 2 in Conjurations
   364 | D        | Reached skill level 2 in Hexes
   364 | D        | Reached skill level 2 in Charms
   364 | D        | Reached skill level 2 in Summonings
   364 | D        | Reached skill level 2 in Necromancy
   364 | D        | Reached skill level 2 in Translocations
   364 | D        | Reached skill level 2 in Fire Magic
   364 | D        | Reached skill level 2 in Ice Magic
   364 | D        | Reached skill level 2 in Air Magic
   364 | D        | Reached skill level 2 in Earth Magic
   364 | D        | Reached skill level 2 in Poison Magic
   364 | D        | Reached XP level 4. HP: 37/37 MP: 7/11
   372 | D        | Killed an ice beast
   372 | D        | Reached skill level 4 in Fighting
   372 | D        | Reached skill level 3 in Short Blades
   372 | D        | Reached skill level 3 in Long Blades
   372 | D        | Reached skill level 3 in Axes
   372 | D        | Reached skill level 3 in Maces & Flails
   372 | D        | Reached skill level 3 in Polearms
   372 | D        | Reached skill level 3 in Staves
   372 | D        | Reached skill level 3 in Slings
   372 | D        | Reached skill level 3 in Bows
   372 | D        | Reached skill level 3 in Crossbows
   372 | D        | Reached skill level 3 in Throwing
   372 | D        | Reached skill level 3 in Armour
   372 | D        | Reached skill level 3 in Stealth
   372 | D        | Reached skill level 3 in Shields
   372 | D        | Reached skill level 6 in Spellcasting
   372 | D        | Reached skill level 3 in Conjurations
   372 | D        | Reached skill level 3 in Hexes
   372 | D        | Reached skill level 3 in Charms
   372 | D        | Reached skill level 3 in Summonings
   372 | D        | Reached skill level 3 in Necromancy
   372 | D        | Reached skill level 3 in Translocations
   372 | D        | Reached skill level 3 in Fire Magic
   372 | D        | Reached skill level 3 in Ice Magic
   372 | D        | Reached skill level 3 in Air Magic
   372 | D        | Reached skill level 3 in Earth Magic
   372 | D        | Reached skill level 3 in Poison Magic
   372 | D        | Reached skill level 4 in Invocations
   372 | D        | Reached skill level 3 in Evocations
   372 | D        | Reached XP level 5. HP: 31/43 MP: 8/13
   375 | D        | Reached * piety under Makhleb
   381 | D        | Killed a big kobold
   381 | D        | Reached skill level 4 in Short Blades
   381 | D        | Reached skill level 4 in Long Blades
   381 | D        | Reached skill level 4 in Axes
   381 | D        | Reached skill level 4 in Maces & Flails
   381 | D        | Reached skill level 4 in Polearms
   381 | D        | Reached skill level 4 in Staves
   381 | D        | Reached skill level 4 in Slings
   381 | D        | Reached skill level 4 in Bows
   381 | D        | Reached skill level 4 in Crossbows
   381 | D        | Reached skill level 4 in Throwing
   381 | D        | Reached skill level 4 in Armour
   381 | D        | Reached skill level 6 in Dodging
   381 | D        | Reached skill level 4 in Stealth
   381 | D        | Reached skill level 4 in Shields
   381 | D        | Reached skill level 5 in Transmutations
   381 | D        | Reached skill level 4 in Evocations
   381 | D        | Reached XP level 6. HP: 46/50 MP: 6/15
   387 | D        | Reached skill level 5 in Fighting
   387 | D        | Reached skill level 8 in Unarmed Combat
   391 | D        | Killed a hornet
   391 | D        | Reached ** piety under Makhleb
   391 | D        | Reached skill level 5 in Short Blades
   391 | D        | Reached skill level 5 in Long Blades
   391 | D        | Reached skill level 5 in Axes
   391 | D        | Reached skill level 5 in Maces & Flails
   391 | D        | Reached skill level 5 in Polearms
   391 | D        | Reached skill level 5 in Staves
   391 | D        | Reached skill level 5 in Slings
   391 | D        | Reached skill level 5 in Bows
   391 | D        | Reached skill level 5 in Crossbows
   391 | D        | Reached skill level 5 in Throwing
   391 | D        | Reached skill level 5 in Armour
   391 | D        | Reached skill level 7 in Dodging
   391 | D        | Reached skill level 5 in Stealth
   391 | D        | Reached skill level 5 in Shields
   391 | D        | Reached skill level 7 in Spellcasting
   391 | D        | Reached skill level 4 in Conjurations
   391 | D        | Reached skill level 4 in Hexes
   391 | D        | Reached skill level 4 in Charms
   391 | D        | Reached skill level 4 in Summonings
   391 | D        | Reached skill level 4 in Necromancy
   391 | D        | Reached skill level 4 in Translocations
   391 | D        | Reached skill level 4 in Fire Magic
   391 | D        | Reached skill level 4 in Ice Magic
   391 | D        | Reached skill level 4 in Air Magic
   391 | D        | Reached skill level 4 in Earth Magic
   391 | D        | Reached skill level 4 in Poison Magic
   391 | D        | Reached skill level 5 in Invocations
   391 | D        | Reached skill level 5 in Evocations
   391 | D        | Reached XP level 7. HP: 55/57 MP: 7/17
   434 | D        | Noticed a meliai
   434 | D        | Noticed a death knight
   434 | D        | Noticed a komodo dragon
   434 | D        | Noticed a seven-headed hydra
   441 | D        | Learned a level 4 spell: Ice Form
   447 | D        | Learned a level 5 spell: Blade Hands
   453 | D        | HP: 7/57 [seven-headed hydra (14)]
   453 | D        | Mangled by a seven-headed hydra

Vault maps used:
D:        linesprint

Skill      XL: |  1  2  3  4  5  6 |
---------------+-------------------+-----
Spellcasting   | 5 6 7 |  7.3
Invocations    | 1 2 4 5 |  5.7
Short Blades   | 1 2 3 4 5 |  5.2
Long Blades    | 1 2 3 4 5 |  5.2
Axes           | 1 2 3 4 5 |  5.2
Maces & Flails | 1 2 3 4 5 |  5.2
Polearms       | 1 2 3 4 5 |  5.2
Staves         | 1 2 3 4 5 |  5.2
Slings         | 1 2 3 4 5 |  5.2
Bows           | 1 2 3 4 5 |  5.2
Crossbows      | 1 2 3 4 5 |  5.2
Throwing       | 1 2 3 4 5 |  5.2
Armour         | 1 2 3 4 5 |  5.2
Stealth        | 1 2 3 4 5 |  5.2
Shields        | 1 2 3 4 5 |  5.2
Evocations     | 1 2 3 4 5 |  5.2
Conjurations   | 1 2 3 4 |  4.2
Hexes          | 1 2 3 4 |  4.2
Charms         | 1 2 3 4 |  4.2
Summonings     | 1 2 3 4 |  4.2
Necromancy     | 1 2 3 4 |  4.2
Translocations | 1 2 3 4 |  4.2
Fire Magic     | 1 2 3 4 |  4.2
Ice Magic      | 1 2 3 4 |  4.2
Air Magic      | 1 2 3 4 |  4.2
Earth Magic    | 1 2 3 4 |  4.2
Poison Magic   | 1 2 3 4 |  4.2
Fighting       | 3 4 5 |  5.8
Transmutations | 4 5 |  5.8
Dodging        | 5 6 7 |  7.0
Unarmed Combat | 7 8 |  8.4

Action                   |  1- 3 |  4- 6 |  7- 9 || total
-------------------------+-------+-------+-------++-------
Melee: Unarmed           |    27 |    26 |     4 ||    57
       Kick              |     1 |       |       ||     1
       Punch             |     1 |       |       ||     1
       Bite              |     1 |       |       ||     1
 Cast: Beastly Appendage |     2 |       |       ||     2
       Sticks to Snakes  |     1 |       |       ||     1
       Spider Form       |     2 |     1 |     1 ||     4
  Use: Potion            |     1 |       |       ||     1
 Stab: Distracted        |     1 |       |       ||     1
Armor: Robe              |     4 |       |       ||     4
       Skin              |       |     2 |       ||     2
Dodge: Dodged            |    10 |    18 |    19 ||    47

Table legend:
 A = Spawn XP
 B = Non-spawn XP
 C = Spawn XP percentage of total XP
 D = Spawn monster count
 E = Non-spawn monster count
 F = Spawn count percentage of total count
 G = Total turns spent on level
                    A         B        C        D         E        F      G
               +---------+---------+-------+---------+---------+-------+---------
         Total |       0 |     735 |   0.0 |       0 |      16 |   0.0 |   453
               +---------+---------+-------+---------+---------+-------+---------
             D |       0 |     735 |   0.0 |       0 |      16 |   0.0 |   453
               +---------+---------+-------+---------+---------+-------+---------

Vault maps used:
D:        linesprint

Table legend:
 A = Turns spent in this place as a percentage of turns spent in the entire game.
 B = Non-inter-level travel turns spent in this place as a percentage of non-inter-level travel turns spent in the entire game.
 C = Inter-level travel turns spent in this place as a percentage of turns spent in this place.
 D = Turns resting spent in this place as a percentage of non-inter-level travel turns spent in this place.
 E = Turns spent auto-exploring this place as a percentage of non-inter-level travel turns spent in this place.
 F = Non-inter-level travel turns spent in this place divided by the number of levels of this place that you've seen.
                   A       B       C       D       E      F
               +-------+-------+-------+-------+-------+----------------------
         Total | 100.0 | 100.0 |   0.0 |  42.2 |   8.8 | 453.0
       Dungeon | 100.0 | 100.0 |   0.0 |  42.2 |   8.8 | 453.0
               +-------+-------+-------+-------+-------+----------------------

Table legend:
 A = Kills in this place as a percentage of kills in entire the game.
 B = Kills by you in this place as a percentage of kills by you in the entire game.
 C = Kills by friends in this place as a percentage of kills by friends in the entire game.
 D = Other kills in this place as a percentage of other kills in the entire game.
 E = Experience gained in this place as a percentage of experience gained in the entire game.
 F = Experience gained in this place divided by the number of levels of this place that you have seen.
                   A       B       C       D       E      F
               +-------+-------+-------+-------+-------+----------------------
         Total | 100.0 | 100.0 | 100.0 |   N/A | 100.0 | 735.0
       Dungeon | 100.0 | 100.0 | 100.0 |   N/A | 100.0 | 735.0
               +-------+-------+-------+-------+-------+----------------------
